Map: Ever Dream LE

Players

Silky - Winner!

  • Race: Zerg Zerg
  • Spawn Location: 7:00

Neeb

  • Race: Protoss Protoss
  • Spawn Location: 1:00

Event: DreamHack SC2 Masters 2020 Summer North America

VOD

Have the link to the VOD?

Description

Time

  • Played on: June 30, 2020, 4:50 p.m.
  • Length: 4:49

All games in this series

Show
View Real Time Build Order
Export as new Build Order

Silky Zerg - Winner!

Build Orders: Hatch First 

Get SALT Encoding   

  12  0:00  Drone  
  13  0:12  Overlord  
  13  0:16  Drone  
  14  0:30  Drone  
  14  0:31  Drone  
  14  0:35  Drone  
  17  0:51  Hatchery  
  17  0:54  Drone  
  17  0:56  Drone  
  18  1:00  Extractor  
  17  1:12  Spawning Pool  
  17  1:15  Drone  
  17  1:18  Drone  
  18  1:28  Drone  
  19  1:39  Overlord  
  19  1:58  Queen  
  19  1:59  Zergling x2  
  19  2:00  Zergling x2  
  23  2:02  Metabolic Boost  
  23  2:03  Zergling x2  
  23  2:08  Queen  
  24  2:12  Zergling x2  
  27  2:16  Zergling x2  
  27  2:22  Zergling x2  
  29  2:26  Zergling x2  
  30  2:33  Zergling x2  
  32  2:37  Zergling x2  
  32  2:43  Zergling x2  
  33  2:46  Zergling x2  
  34  2:54  Overlord  
  34  2:57  Zergling x2  
  33  3:06  Zergling x4  
  33  3:09  Zergling x2  
  35  3:14  Zergling x4  
  36  3:20  Zergling x8  
  40  3:28  Zergling x4  
  42  3:35  Zergling x2  
  42  3:38  Zergling x2  
  43  3:41  Zergling x2  
  43  3:42  Overlord  
  43  3:50  Zergling x2  
  41  3:56  Zergling x4  
  41  3:57  Zergling x2  
  41  3:59  Overlord  
  41  4:01  Zergling x2  
  41  4:02  Zergling x2  
  41  4:04  Zergling x2  
  40  4:10  Zergling x2  
  40  4:19  Zergling x2  
  40  4:21  Zergling x2  
  39  4:26  Zergling x2  
  39  4:31  Zergling x12  
Show
View Real Time Build Order
Export as new Build Order

Neeb Protoss 

Build Orders: 1 Gate Expand, Oracle Opening 

Get SALT Encoding   

  12  0:00  Probe  
  13  0:12  Probe  
  14  0:19  Pylon  
  14  0:24  Probe  
  15  0:33  Probe  
  15  0:39  Gateway  
  15  0:41  Probe  
  16  0:49  Assimilator  
  17  0:51  Probe  
  18  0:59  Pylon  
  18  1:03  Probe  
  19  1:16  Probe  
  20  1:26  Nexus  
  20  1:36  Cybernetics Core  
  20  1:40  Probe  
  20  1:46  Assimilator  
  21  1:52  Probe  
  22  1:54  Pylon  
  22  2:00  Probe  
  22  2:02  Adept  
  23  2:08  Probe  
  26  2:18  Probe  
  27  2:23  Stargate  
  27  2:24  Adept  
  27  2:30  Probe  
  30  2:37  Probe  
  30  2:42  Probe  
  33  2:52  Gateway  
  34  3:07  Gateway  
  34  3:12  Oracle  
  35  3:20  Pylon  
  33  3:27  Shield Battery  
  33  3:36  Pylon  
  33  3:37  Pylon  
  33  3:40  Pylon  
  33  3:42  Oracle  
  33  3:49  Pylon  
  36  3:57  Cybernetics Core  
  36  3:58  Gateway  
  36  4:03  Pylon  
  36  4:05  Pylon  
  36  4:22  Pylon  
  38  4:34  Pylon  
Tags
 
Add a new tag
Caveats
  • Supply blocks, unpowered buildings, or Contaminate may cause inaccurate times.
  • Supply counts are checked every 10 seconds.